 Dungeon Crawl Stone Soup version 0.19.0-16-g73b5abf (webtiles) character file.

252 HungrySpirit the Skirmisher (level 5, -4/43 HPs)
             Began as a Mummy Artificer on Nov 10, 2016.
             Was a Follower of Dithmenos.
             Slain by an orc
             ... wielding a cursed -1 flail
              (6 damage)
             ... on level 3 of the Dungeon.
             The game lasted 00:04:25 (3063 turns).

HungrySpirit the Skirmisher (Mummy Artificer)       Turns: 3063, Time: 00:04:27

Health: -4/43      AC:  7    Str: 17    XL:     5   Next: 89%
Magic:  7/7        EV: 11    Int: 10    God:    Dithmenos [*.....]
Gold:   101        SH:  0    Dex: 12    Spells: 0 memorised, 4 levels left

rFire  x . .     SeeInvis .     g - -1 dagger (curse)
rCold  + . .     Gourm    .     j - +0 ring mail
rNeg   + + +     Faith    .     (no shield)
rPois  ∞         Spirit   .     (no helmet)
rElec  .         Reflect  .     l - +0 cloak
rCorr  .         Harm     .     f - +0 pair of gloves
MR     .....                    (no boots)
Stlth  +.........               (no amulet)
                                (no ring)
                                (no ring)

@: wreathed by umbra
A: no food or potions, fire vulnerability, cold resistance 1, negative energy
resistance 3, torment resistance, unbreathing
a: Renounce Religion


You were on level 3 of the Dungeon.
You worshipped Dithmenos.
Dithmenos was aware of your devotion.
You were not hungry.

You visited 1 branch of the dungeon, and saw 3 of its levels.

You collected 101 gold pieces.

Inventory:

Hand Weapons
 a - a +0 short sword
 g - a cursed -1 dagger (weapon)
 n - a +0 hand axe
Missiles
 i - 2 throwing nets (quivered)
Armour
 f - a +0 pair of gloves (worn)
 j - a +0 ring mail (worn)
 l - a +0 cloak (worn)
Wands
 d - a wand of enslavement (15/24)
Scrolls
 b - 4 scrolls of amnesia {unknown}
 h - 2 scrolls of immolation {unknown}
 k - a scroll of identify
 m - a scroll of remove curse {unknown}


   Skills:
 - Level 4.7 Fighting
 - Level 1.0 Short Blades
 * Level 0.1 Axes
 - Level 1.5 Dodging
 - Level 0.7 Stealth
 + Level 3.7 Evocations


You had 4 spell levels left.
You didn't know any spells.

Dungeon Overview and Level Annotations

Branches:
Dungeon (3/15)

Altars:
Dithmenos
The Shining One


Innate Abilities, Weirdness & Mutations

You do not eat or drink.
Your flesh is vulnerable to fire.
You are immune to poison.
Your flesh is cold resistant. (rC+)
You are immune to negative energy. (rN+++)
You are immune to unholy pain and torment.
You can survive without breathing.


Message History

The orc hits you but does no damage. x2
You barely miss the orc.
The orc is heavily wounded.
The adder bites you but does no damage. The frilled lizard misses you.
The orc closely misses you. The orc hits you but does no damage.
The orc barely misses you. The adder barely misses you.
You hit the orc.
The orc is severely wounded.
The frilled lizard barely misses you.
The orc hits you with an enchanted flail.
* * * LOW HITPOINT WARNING * * *
The adder barely misses you. The orc completely misses you.
The orc hits you but does no damage.
You hit the orc.
The orc is severely wounded.
The frilled lizard bites you.
* * * LOW HITPOINT WARNING * * *
The adder bites you but does no damage.
The orc hits you with an enchanted flail.
You die...

..... ....
...# ..#
..# #.##
#S.##.#
#@l...#
#looo.....#
#.#........
#.##.##....
. .# #.# ##
## .


You could see an adder, 3 orcs, a leopard gecko and a frilled lizard.

Vanquished Creatures
  Sigmund (D:2)
  3 adders (D:2)
  2 worms (D:2)
  4 dart slugs
  3 bats
  2 giant cockroaches
  5 goblins
  8 hobgoblins
  4 jackals
  4 kobolds
  2 quokkas (D:2)
  3 ball pythons (D:2)
  4 frilled lizards
  7 rats
52 creatures vanquished.

Notes
Turn   | Place    | Note
-------+----------+-------------------------------------------
     0 | D:1      | HungrySpirit the Mummy Artificer began the quest for the Orb.
     0 | D:1      | Reached XP level 1. HP: 15/15 MP: 2/2
    42 | D:1      | Reached skill level 1 in Short Blades
   207 | D:1      | Reached XP level 2. HP: 15/21 MP: 3/3
  1075 | D:1      | Reached skill level 2 in Fighting
  1718 | D:2      | Reached XP level 3. HP: 24/27 MP: 5/5
  1880 | D:2      | Noticed Sigmund
  1903 | D:2      | Killed Sigmund
  1903 | D:2      | Reached skill level 4 in Fighting
  1903 | D:2      | Reached XP level 4. HP: 15/38 MP: 6/6
  1903 | D:2      | Reached XP level 5. HP: 17/43 MP: 7/7
  2857 | D:2      | Found a faded altar of an unknown god.
  2857 | D:2      | Found a faded altar of an unknown god.
  2867 | D:2      | Found a glowing golden altar of the Shining One.
  2869 | D:2      | Found a faded altar of an unknown god.
  2871 | D:2      | Found a faded altar of an unknown god.
  2881 | D:2      | Became a worshipper of Dithmenos the Shadowed
  2881 | D:2      | Reached * piety under Dithmenos
  3063 | D:3      | HP: 2/43 [frilled lizard (1)]
  3063 | D:3      | Slain by an orc

Skill      XL: |  1  2  3 |
---------------+----------+-----
Short Blades   | 1 |  1.0
Fighting       | 2 4 |  4.7
Evocations     | 3 |  3.7
Axes           | |  0.1
Dodging        | |  1.5
Stealth        | |  0.7

Action                   |  1- 3 |  4- 6 || total
-------------------------+-------+-------++-------
Melee: Short sword       |    32 |       ||    32
       Dagger            |   227 |   238 ||   465
Evoke: Wand              |     7 |     2 ||     9
  Use: Scroll            |     2 |       ||     2
Armor: Leather armour    |    16 |       ||    16
       Ring mail         |    77 |    84 ||   161
Dodge: Dodged            |   151 |   178 ||   329
